Unix NetHack Version 5.0.0-0 post-release - last build May 31 2026 23:59:36 (970b52f25bf058293b47ddfd14a1e40e571c508c,branch:main).

Game began 2026-06-09 16:08:10, ended 2026-06-09 16:21:10.

Enkindle23, neutral male human Wizard

                                                                        ----
                                                                        |..|
                                                                      ---..--
                                                                      |.....|
                                                                       .....-
                                                                        .....
                                                                      ---..`-
                                                                     --.|.@-
                                                                     |...f.|
                                                                     |....--
                                                                     -.x.<|
                                                                  -).x...l-
                                                                  --......
                                                                   -.......
                                                                   ........
                                                                  |.........
                                                                  --.......-
                                                                   --......|
                                                                    ---...--
                                                                      --.--
                                                                       --
Enkindle23 the Evoker     St:8 Dx:10 Co:16 In:18 Wi:13 Ch:9  Neutral
Dlvl:3  $:0  HP:0(12) Pw:7(7) AC:7  Xp:1 T:257 

Latest messages:
 n - a fortune cookie.
 o - an orange potion.
 The kitten bites the lichen.
 You kill the lichen!
 You see here a lichen corpse.
 p - a lichen corpse.
 You swap places with your kitten.
 You descend the stairs.
 You see here a plate mail.
 The door opens.
 You swap places with your kitten.
 The door resists!
 The door resists!
 The door resists!
 The door opens.
 You see here 2 gold pieces.
 $ - 2 gold pieces (10 in total).
 You see here a sling.
 q - a sling.
 You swap places with your kitten.
 You see here a lembas wafer.
 r - a lembas wafer.
 You swap places with your kitten.
 The door resists!
 The door opens.
 You see here a ring mail.
 You see here a large box.
 The large box is empty.
 You descend the stairs.
 You climb up the stairs.
 You see here an empty unlocked large box.
 What do you want to use or apply? [cklm or ?*] s
 You don't have that object.
 What do you want to use or apply? [cklm or ?*] <esc>
 Never mind.
 What do you want to drop? [$a-r or ?*] $
 You drop 10 gold pieces.
 You descend the stairs.
 A bear trap closes on your foot!
 The leprechaun picks up a scroll labeled JUYED AWK YACC.
 You are caught in a bear trap.
 You are caught in a bear trap.
 Click!  The grid bug triggers something.
 You are hit by a boulder!
 You die...
 Do you want your possessions identified? [ynq] (y) n
 Do you want to see your attributes? [ynq] (y) y
 Do you want an account of creatures vanquished? [ynaq] (y) y
 Do you want to see your conduct and achievements? [ynq] (y) y
 Do you want to see the dungeon overview? [ynq] (y) y

Inventory:
 Weapons  (')')
  q - a cursed -2 sling
  a - a blessed +2 quarterstaff (weapon in hands)
 Armor    ('[')
  b - an uncursed +2 cloak of magic resistance (being worn)
 Comestibles  ('%')
  n - an uncursed fortune cookie
  r - an uncursed lembas wafer
  j - an uncursed tripe ration
  p - an uncursed lichen corpse
 Scrolls  ('?')
  i - an uncursed scroll of create monster
 Spellbooks  ('+')
  l - an uncursed spellbook of extra healing
  k - a blessed spellbook of force bolt
 Potions  ('!')
  h - an uncursed potion of gain level
  o - a blessed potion of healing
  g - 2 uncursed potions of restore ability
  f - an uncursed potion of water
 Rings    ('=')
  d - an uncursed +1 ring of adornment
  e - an uncursed ring of fire resistance
 Wands    ('/')
  c - a wand of create monster (0:14)
 Tools    ('(')
  m - a magic marker (0:19)

Enkindle23 the Wizard's attributes:

Background:
 You were an Evoker, a level 1 male human Wizard.
 You were neutral, on a mission for Thoth
 who was opposed by Ptah (lawful) and Anhur (chaotic).
 You were right-handed.
 You were in the Gnomish Mines, on level 3.
 You entered the dungeon 257 turns ago.
 You had 10 experience points, 10 more were needed to attain level 2.

Basics:
 You had 0 out of 12 hit points.
 You had all 7 energy points (spell power).
 Your armor class was 7.
 Your wallet was empty.
 Autopickup was off.

Final Characteristics:
 Your strength was 8 (limit:18/100).
 Your dexterity was 10 (base:11, limit:18).
 Your constitution was 16 (limit:18).
 Your intelligence was 18 (limit:18).
 Your wisdom was 13 (limit:18).
 Your charisma was 9 (limit:18).

Final Status:
 You were trapped in a bear trap.
 You had a wounded right leg.
 You weren't hungry.
 You were unencumbered.
 You were wielding a quarterstaff.
 You had basic skill with quarterstaff.

Final Attributes:
 You were aligned.
 You were magic-protected.
 You were warded.
 You are dead.

Miscellaneous:
 You encountered 1 bones level.
 Total elapsed playing time was 12 minutes and 51 seconds.

Major events:
 Turn
    1: Enkindle23 the neutral male human Wizard entered the dungeon
  243: entered the Gnomish Mines
  257: killed by a boulder

Spells:
 Name                 Level Category     Fail Retention
 force bolt             1   attack         0%  91%-100%
 extra healing          3   healing       87%  76%-100%

Skills:
 Fighting Skills
   bare handed combat [Unskilled]
   riding             [Unskilled]
 Weapon Skills
   dagger             [Unskilled]
   knife              [Unskilled]
   axe                [Unskilled]
   short sword        [Unskilled]
   club               [Unskilled]
   mace               [Unskilled]
   quarterstaff       [Basic]
   polearms           [Unskilled]
   spear              [Unskilled]
   trident            [Unskilled]
   sling              [Unskilled]
   dart               [Unskilled]
   shuriken           [Unskilled]
 Spellcasting Skills
   attack spells      [Basic]
   healing spells     [Unskilled]
   divination spells  [Unskilled]
   enchantment spells [Basic]
   clerical spells    [Unskilled]
   escape spells      [Unskilled]
   matter spells      [Unskilled]

Voluntary challenges:
 Character rerolling was not enabled.
 You went without food.
 You were an atheist.
 You never genocided any monsters.
 You never polymorphed an object.
 You never changed form.
 You used no wishes.
Achievement:
 You entered the Gnomish Mines.

 The Dungeons of Doom: levels 1 to 2
    Level 1:
    Level 2:
       Stairs down to The Gnomish Mines.
 The Gnomish Mines:
    Level 3: <- You were here.
       Final resting place for
          you, killed by a boulder,
          GdeVolpiano-Tou-Hum-Fem-Neu, killed by a bugbear.


Vanquished creatures:
  a goblin
  a lichen
2 creatures vanquished.

No species were genocided or became extinct.

Game over:
                       ----------
                      /          \
                     /    REST    \
                    /      IN      \
                   /     PEACE      \
                  /                  \
                  |    Enkindle23    |
                  |       0 Au       |
                  |   killed by a    |
                  |     boulder      |
                  |                  |
                  |                  |
                  |       2026       |
                 *|     *  *  *      | *
        _________)/\\_//(\/(/\)/\//\/|_)_______

Goodbye Enkindle23 the Wizard...

You died in The Gnomish Mines on dungeon level 3 with 140 points,
and 0 pieces of gold, after 257 moves.
You were level 1 with a maximum of 12 hit points when you died.

